 Dungeon Sprint DCSS version 0.31-a0-879-g1609e0ac53 (webtiles) character file.

Game seed: 14003247984033116207

803 rocky1 the Protected (level 8, -2/66 HPs)
             Began as a Djinni Fighter on Oct 15, 2023.
             Was a Follower of Okawaru.
             Slain by a boulder beetle (16 damage)
             ... in the Dungeon (Sprint II: "The Violet Keep of Menkaure").
             The game lasted 00:02:20 (380 turns).

rocky1 the Protected (Djinni Fighter)                Turns: 380, Time: 00:02:20

Health: -2/66      AC:  9    Str: 15    XL:     8   Next: 14%
Gold:   737        EV: 12    Int: 10    God:    Okawaru [*.....] SH:  7 Dex: 15

rFire   + + .        a - +0 long sword
rCold   x . .        c - +0 buckler
rNeg    . . .        b - +0 scale mail
rPois   ∞            (no helmet)
rElec   .            (no cloak)
rCorr   .            (no gloves)
SInv    .            (boots unavailable)
Will    .....        (no amulet)
Stlth   ++           (no ring)
HPRegen 0.31/turn    (no ring)
MPRegen 0.00/turn

%: no teleportation, infuse magic (-3 HP)
@: mighty, heroic, flying, hasted, very quick
A: sickness immunity, fire resistance 2, cold vulnerability 1, float, innate
caster, HP casting, extra vitality 1
a: Renounce Religion, Heroism


You were in the Dungeon.
You worshipped Okawaru.
Okawaru was aware of your devotion.
You visited 1 branch You collected 737 gold pieces.

Inventory:

Hand Weapons
 a - a +0 long sword (weapon)
Armour
 b - a +0 scale mail (worn)
 c - a +0 buckler (worn)
Scrolls
 i - a scroll of blinking
Potions
 e - a potion of curing
 f - a potion of heal wounds


   Skills:
 + Level 8.6(13.6) Fighting
 + Level 8.1(13.1) Long Blades
 + Level 8.7(13.7) Armour
 + Level 1.2(6.2) Dodging
 + Level 0.3(5.3) Stealth
 + Level 8.4(13.4) Shields
 * Level 3.4 Invocations


You knew the following spells:

 Your Spells              Type           Power      Damage    Failure   Level
a - Slow                  Hex            0%         N/A       77%         1
b - Passwall              Tmut/Erth      0%         N/A       88%         2
c - Poisonous Vapours     Pois/Air       0%         N/A       88%         2
Your spell library was empty.

Dungeon Overview and Level Annotations

Branches:
Dungeon (1/1)

Altars:
Cheibriados
Dithmenos
Elyvilon
Fedhas
Gozag
Hepliaklqana
Makhleb
Nemelex Xobeh
Okawaru
Qazlal
Ru
Trog
Uskayaw
Wu Jian
Xom
Yredelemnul
Zin
The Shining One
Jiyva
Lugonu

Shops:
D =:(*!!(?[:[=*:[

Annotations:
D exclusions: obsidian statue and oklob plant, Roxanne


Innate Abilities, Weirdness & Mutations

You are immune to sickness and miasma.
You are immune to poison.
Your flesh is very heat resistant. (rF++)
You are vulnerable to cold. (rC-)
You float through the air rather than walking.
You learn spells naturally, not from books.
Your magical power is your life essence.
You have superior vitality. (+4 MHP)


Message History

The boulder beetle is moderately wounded.
You hit the boulder beetle.
The boulder beetle is moderately wounded.
You hit the boulder beetle but do no damage.
The boulder beetle is moderately wounded.
The boulder beetle leaps!
The boulder beetle curls into a ball and begins rolling!
The boulder beetle bites you.
There is a staircase leading out of the dungeon here.
You slash the boulder beetle!
The boulder beetle is heavily wounded.
You slash the boulder beetle!
The boulder beetle is heavily wounded.
The boulder beetle bites you!!
You slash the boulder beetle!
The boulder beetle is severely wounded.
You block the boulder beetle's attack.
The boulder beetle stops rolling and uncurls.
You hit the boulder beetle but do no damage.
The boulder beetle is severely wounded.
The boulder beetle barely misses you.
You slash the boulder beetle!
The boulder beetle is severely wounded.
The boulder beetle bites you!
You are too injured to fight recklessly!
You are too injured to fight recklessly!
You are too injured to fight recklessly!
You are too injured to fight recklessly!
You are too injured to fight recklessly!
You are too injured to fight recklessly!
You are too injured to fight recklessly!
You hit the boulder beetle.
The boulder beetle is almost dead.
The boulder beetle bites you.
You hit the boulder beetle but do no damage.
The boulder beetle is almost dead.
The boulder beetle bites you!
* * * LOW HITPOINT WARNING * * *
The boulder beetle bites you!
You die...

##########~~#+++#+++##
#########~~~.........#
∩.∩.....#~~~~.##'##..#
.∩......#~~~~###..##.#### .###
..∩.∩...#~~~~#.##..#....# ...#
...∩.∩..#~~####.#†####..## #..#
....∩.⌠.#~##.###†###.##..# +..#
...∩.∩..#~#...##B##...#..# #..#
..∩.∩...'~'##.'.@.'.#.'..### ..##
.∩.∩....#~#...##B##.).#....###...
▓▓▓▓▓▓###~##.###'###.##......~~~~
$${######~~### .#. ###~~.....~#'#
!.$#Z ##~~~#.. ..#~~~~~§~..~#..
∩P$+.$ #'#~##$ .##~~~§§~~~.§#._
[$.#[# #.#~~##+##~~~≈≈≈~~~~~#_.
$.$###≈ ####~~~~~~~~~~≈≈≈≈~~~#._
#+++#+++#~≈≈≈§§≈≈~#..


You could see 2 boulder beetles.

Vanquished Creatures
  A merfolk siren (D)
  Menkaure (D)
  A water moccasin (D)
  4 necrophages (D)
  A hell rat (D)
  3 worms (D)
11 creatures vanquished.

Notes
Turn   | Place    | Note
-------+----------+-------------------------------------------
     0 | D        | rocky1 the Djinni Fighter began the quest for the Orb.
     0 | D        | Reached XP level 1. HP: 20/20 MP: 0/0
     1 | D        | Noticed a necrophage
     1 | D        | Noticed a necrophage
     1 | D        | Noticed a necrophage
     1 | D        | Noticed a necrophage
     6 | D        | Killed a necrophage
     7 | D        | Reached skill level 5 in Fighting
     7 | D        | Reached skill level 5 in Armour
     7 | D        | Reached skill level 5 in Shields
     7 | D        | Reached XP level 2. HP: 28/28 MP: 0/0
     7 | D        | Reached XP level 3. HP: 33/33 MP: 0/0
     7 | D        | Learned a level 1 spell: Slow
     7 | D        | Reached XP level 4. HP: 39/39 MP: 0/0
     9 | D        | Killed a necrophage
    10 | D        | Reached XP level 5. HP: 45/45 MP: 0/0
    10 | D        | Learned a level 2 spell: Passwall
    16 | D        | Reached XP level 6. HP: 51/51 MP: 0/0
    19 | D        | Reached skill level 5 in Long Blades
    32 | D        | Found Hiriath's Jewellery Boutique.
    32 | D        | Found Toefaesi's Book Boutique.
    32 | D        | Found Yzxyleiz's Antique Armour Shop.
    33 | D        | Found Suno Roo's Armour Shop.
    33 | D        | Found Jisuoth's Book Shop.
    33 | D        | Found Oqitus's Antique Armour Boutique.
    33 | D        | Found Deosiyza's Magic Scroll Shop.
    34 | D        | Found Akhluz's Distillery.
    34 | D        | Found Itaim's Distillery.
    34 | D        | Noticed a hell hog
    34 | D        | Noticed a water moccasin
    35 | D        | Found Naucio's General Store.
    35 | D        | Found Dethubem's Antique Weapon Boutique.
    35 | D        | Noticed Menkaure
    35 | D        | Noticed a hell hog
    45 | D        | Killed a water moccasin
    51 | D        | Killed Menkaure
    52 | D        | Reached XP level 7. HP: 37/59 MP: 0/0
    52 | D        | Learned a level 2 spell: Poisonous Vapours
    55 | D        | Found Turif's Assorted Antiques.
    55 | D        | Found Ximechu's Weapon Shop.
    55 | D        | Noticed an oklob plant
    56 | D        | Found Pomacli's Book Shoppe.
    56 | D        | Found Teofue's Jewellery Boutique.
   104 | D        | Found a snail-covered altar of Cheibriados.
   104 | D        | Found a hazy altar of Hepliaklqana.
   105 | D        | Found a viscous altar of Jiyva.
   105 | D        | Found a shadowy altar of Dithmenos.
   105 | D        | Found a stormy altar of Qazlal.
   106 | D        | Found a sacrificial altar of Ru.
   106 | D        | Found a white marble altar of Elyvilon.
   107 | D        | Found an ornate altar of the Wu Jian Council.
   107 | D        | Found a corrupted altar of Lugonu.
   107 | D        | Found a blossoming altar of Fedhas.
   108 | D        | Found a shimmering altar of Xom.
   108 | D        | Found a bloodstained altar of Trog.
   108 | D        | Found a burning altar of Makhleb.
   109 | D        | Found a glowing golden altar of the Shining One.
   109 | D        | Found a basalt altar of Yredelemnul.
   109 | D        | Found a hide-covered altar of Uskayaw.
   111 | D        | Found a glowing silver altar of Zin.
   111 | D        | Found a sparkling altar of Nemelex Xobeh.
   112 | D        | Found an opulent altar of Gozag.
   112 | D        | Found an iron altar of Okawaru.
   114 | D        | Noticed a water moccasin
   116 | D        | Noticed a water moccasin
   118 | D        | Noticed a water moccasin
   118 | D        | Noticed a flying skull
   118 | D        | Noticed a flying skull
   120 | D        | Became a worshipper of Warmaster Okawaru
   144 | D        | Noticed Roxanne
   291 | D        | Noticed a boulder beetle
   291 | D        | Noticed a boulder beetle
   318 | D        | Noticed an obsidian statue
   335 | D        | Noticed a merfolk siren
   346 | D        | Killed a merfolk siren
   346 | D        | Reached * piety under Okawaru
   347 | D        | Reached skill level 1 in Dodging
   347 | D        | Reached XP level 8. HP: 66/66 MP: 0/0
   380 | D        | Slain by a boulder beetle

Illustrated notes

Levels and vault maps discovered:
D:        the_violet_keep_of_menkaure [sprint2_stairs_cluster_1,
          sprint2_shoproom, sprint2_temple, sprint2_basic_supplies,
          sprint2_obstacle_5, sprint2_obstacle_6, sprint2_obstacle_3,
          sprint2_obstacle_7, sprint2_obstacle_4, sprint2_timed_cluster_1,
          sprint2_smallroom_cluster_1, sprint2_smallroom_final_cluster_1,
          sprint2_transparent_cluster_1, sprint2_second_timed_cluster_1,
          sprint2_sniper_area_1, sprint2_heavy_combat_area_1,
          sprint2_mutation_trap_area_1, sprint2_forest_area_1,
          sprint2_light_combat_area_1, sprint2_behind_water_1,
          sprint2_near_end_vault_1]

Skill      XL: |  1  2  3  4  5  6  7 |
---------------+----------------------+-----
Fighting       | 5 6 8 |  8.6
Long Blades    | 3 4 6 8 |  8.1
Armour         | 5 6 8 |  8.7
Shields        | 5 6 8 |  8.4
Dodging        | 1 |  1.2
Invocations    | 3 |  3.4
Stealth        | |  0.3

Action                     |  1- 3 |  4- 6 |  7- 9 || total
---------------------------+-------+-------+-------++-------
  Melee: Long sword        |     4 |    26 |    48 ||    78
 Invoke: Heroism           |       |       |     1 ||     1
    Use: Potion            |     1 |       |     2 ||     3
 Armour: Scale mail        |     1 |    16 |    16 ||    33
  Dodge: Dodged            |     1 |     5 |    10 ||    16
  Block: Buckler           |       |     4 |    11 ||    15

Table legend: (Time is in decaauts)
 A = Elapsed time spent in this place.
 B = Non-inter-level travel time spent in this place.
 C = Inter-level travel time spent in this place.
 D = Time resting spent in this place.
 E = Time spent auto-exploring this place.
 F = Levels seen in this place.
 G = Mean time per level.
                   A        B        C        D        E       F      G
               +--------+--------+--------+--------+--------+-----+--------+
         Total |    382 |    382 |      0 |     90 |      0 |   1 |  382.0 |
       Dungeon |    382 |    382 |      0 |     90 |      0 |   1 |  382.0 |
               +--------+--------+--------+--------+--------+-----+--------+

Top non-repeatable levels by time:
       D: 382 daAuts
